 Dungeon Crawl Stone Soup version 0.31-a0-879-g1609e0ac53 (webtiles) character file.

Game seed: 396689767197379404

16 Dirtsage the Ruffian (level 2, 0/18 HPs)
             Began as an Octopode Shapeshifter on Oct 14, 2023.
             Slain by a bat (1 damage)
             ... on level 2 of the Dungeon.
             The game lasted 00:01:25 (711 turns).

Dirtsage the Ruffian (Octopode Shapeshifter)         Turns: 711, Time: 00:01:26

Health: 0/18       AC:  1    Str: 13    XL:     2   Next: 58%
Magic:  2/2        EV: 13    Int: 12    God:
Gold:   58         SH:  0    Dex: 11    Spells: 1/1 levels left

rFire   . .          .
                       - Unarmed
rCold   . . .        (no shield)
rNeg    . . .        (helmet currently unavailable)
rPois   .            (no amulet)
rElec   .            (no ring)
rCorr   .            (no ring)
SInv    .            (no ring)
Will    .....        (no ring)
Stlth   ++           (no ring)
HPRegen 0.23/turn    (no ring)
MPRegen 0.08/turn    (no ring)
                     (no ring)

%: no passive effects
@: beast-form
A: beast (slay +1), almost no armour, amphibious, 8 rings, camouflage 1,
gelatinous body 1, (nimble swimmer 1), tentacles
a: Begin Untransformation


You were on level 2 of the Dungeon.
You were a hulking beast.
You visited 1 branch of the dungeon, and saw 2 of its levels.

You collected 58 gold pieces.

Inventory:

Magical Staves
 e - a staff of poison
Talismans
 b - a beast talisman (active)
 c - a flux talisman
Scrolls
 d - 3 scrolls of fear {unknown}
 f - a scroll of blinking {unknown}
 g - a scroll of enchant weapon {unknown}
 h - a scroll of identify {unknown}
Potions
 a - a potion of lignification
 i - 2 potions of cancellation {unknown}
 j - a potion of haste {unknown}


   Skills:
 + Level 1.3 Fighting
 - Level 2.0 Dodging
 * Level 3.3 Unarmed Combat
 * Level 3.3 Shapeshifting


You had one spell level left.
You didn't know any spells.
Your spell library was empty.

Dungeon Overview and Level Annotations

Branches:
Dungeon (2/15)

Altars:
Makhleb
Sif Muna


Innate Abilities, Weirdness & Mutations

You are a hulking beast.
Your limbs bulge with bestial killing power. (Slay +1)
You cannot wear most types of armour.
You are amphibious.
You can wear up to eight rings at the same time.
Your skin changes colour to match your surroundings (Stealth+).
Your rubbery body absorbs attacks. (AC +1, EV +1)
((You are camouflaged when in or above water. (Stealth+)))
You have tentacles for arms and can constrict up to eight enemies at once.


Message History

A bat comes into view.
You see here 6 gold pieces.
A bat is nearby!
A sleepcap comes into view.
The sleepcap barely misses you.
You tentacle-slap the sleepcap. You grab the sleepcap.
You squeeze the sleepcap.
The sleepcap is moderately damaged.
You constrict the sleepcap. The bat hits you but does no damage.
You tentacle-slap the sleepcap.
The sleepcap is heavily damaged.
You constrict the sleepcap, but do no damage.
The bat closely misses you. The sleepcap closely misses you.
The bat hits you but does no damage.
You tentacle-slap the sleepcap but do no damage.
The sleepcap is heavily damaged.
You constrict the sleepcap. The bat completely misses you.
The sleepcap releases spores at you.
You are engulfed in a cloud of soporific spores!
You fall asleep.
You lose your grip on the sleepcap.
The bat hits you.
You wake up.
The sleepcap releases spores at you.
You are engulfed in a cloud of soporific spores!
You are unaffected.
You take 12 damage, and have 6/18 hp.
MASSIVE DAMAGE!!
You are too injured to fight recklessly!
You tentacle-slap the sleepcap. You grab the sleepcap.
The sleepcap is severely damaged.
You constrict the sleepcap, but do no damage.
The bat hits you.
* * * LOW HITPOINT WARNING * * *
The sleepcap releases spores at you.
* * * LOW HITPOINT WARNING * * *
You are engulfed in a cloud of soporific spores!
You are unaffected.
You take 5 damage, and have 1/18 hp.
MASSIVE DAMAGE!!
You tentacle-slap the sleepcap.
The sleepcap is severely damaged.
You constrict the sleepcap. The bat hits you.
You die...

### #.. # #.# .# #####
#######.##..# #..<#
.......bhf.# #.###
#.###..#### #.#
#....$.#####.#
#............#
#>.._.............#
#........#.########..#
#.##......?# ...
######### .#


You could see a sleepcap and a bat.

Vanquished Creatures
  A ball python (D:1)
  An endoplasm (D:1)
  A giant cockroach (D:1)
  3 goblins (D:1)
  A hobgoblin (D:1)
  A quokka (D:1)
  2 bats (D:1)
  2 frilled lizards (D:1)
  2 kobolds (D:1)
14 creatures vanquished.

Notes
Turn   | Place    | Note
-------+----------+-------------------------------------------
     0 | D:1      | Dirtsage the Octopode Shapeshifter began the quest for the
                  | Orb.
     0 | D:1      | Reached XP level 1. HP: 13/13 MP: 1/1
    38 | D:1      | Found a burning altar of Makhleb.
   157 | D:1      | Reached XP level 2. HP: 18/18 MP: 2/2
   695 | D:2      | Found a shimmering blue altar of Sif Muna.
   711 | D:2      | Slain by a bat

Illustrated notes

Levels and vault maps discovered:
D:1:      dpeg_arrival_lava_altar, layout_basic, columned_hall_lemuel,
          minmay_misc_feat_rugged, chequers_decorated_corner
D:2:      layout_basic, basic_altar, grunt_decor_clamped,
          hangedman_decor_lopped, serial_bayou_crossing

Action                     || total
---------------------------++-------
  Melee: Unarmed           ||    30
         Tentacles         ||     5
         Constrict         ||     6
 Armour: Skin              ||    15
  Dodge: Dodged            ||    21

Table legend: (Time is in decaauts)
 A = Elapsed time spent in this place.
 B = Non-inter-level travel time spent in this place.
 C = Inter-level travel time spent in this place.
 D = Time resting spent in this place.
 E = Time spent auto-exploring this place.
 F = Levels seen in this place.
 G = Mean time per level.
                   A        B        C        D        E       F      G
               +--------+--------+--------+--------+--------+-----+--------+
         Total |    709 |    683 |     26 |      0 |    578 |   2 |  354.5 |
       Dungeon |    709 |    683 |     26 |      0 |    578 |   2 |  354.5 |
               +--------+--------+--------+--------+--------+-----+--------+

Top non-repeatable levels by time:
     D:1: 686 daAuts
     D:2: 22 daAuts
